 Dungeon Crawl Stone Soup version 0.22-a0-362-g535178c (webtiles) character file.

125 Amnesiac the Grave Robber (level 4, -4/33 HPs)
             Began as a Mummy Necromancer on Apr 20, 2018.
             Killed by divine providence
             ... invoked by an orc priest
              (15 damage)
             ... on level 5 of the Dungeon.
             The game lasted 00:03:01 (1655 turns).

Amnesiac the Grave Robber (Mummy Necromancer)       Turns: 1655, Time: 00:03:01

Health: -4/33      AC:  2    Str: 11    XL:     4   Next: 82%
Magic:  0/8        EV: 13    Int: 15    God:
Gold:   64         SH:  0    Dex: 12    Spells: 5/9 levels left

rFire    x . .     SeeInvis .   (no weapon)
rCold    + . .     Gourm    .   (no shield)
rNeg     + + +     Faith    .   a - +0 robe
rPois    ∞         Spirit   .   (no helmet)
rElec    .         Reflect  .   (no cloak)
rCorr    .         Harm     .   (no gloves)
MR       .....                  (no boots)
Stlth    ++........             (no amulet)
HPRegen  0.11/turn              (no ring)
MPRegen  0.11/turn              (no ring)

@: very slightly contaminated
A: no food or potions, fire vulnerability, cold resistance 1, negative energy
resistance 3, torment resistance, unbreathing
a: no special abilities


You were on level 5 of the Dungeon.
You were not hungry.

You visited 1 branch of the dungeon, and saw 5 of its levels.

You collected 64 gold pieces.

Inventory:

Hand Weapons
 d - a +0 blowgun
Missiles
 b - 21 stones (quivered)
Armour
 a - a +0 robe (worn)
 l - a +0 pair of gloves
Wands
 j - a wand of disintegration (4)
Scrolls
 c - a scroll of random uselessness {!r, unknown}
 e - a scroll of noise {!r}
 f - 2 scrolls of identify {!r}
 g - a scroll of remove curse {!r}
 h - a scroll of immolation {!r, unknown}
 i - a scroll of fear {!r, unknown}
 k - a scroll of enchant armour {!r, unknown}


   Skills:
 + Level 2.0 Fighting
 * Level 3.1 Dodging
 - Level 1.5 Stealth
 - Level 3.0 Spellcasting
 + Level 4.6 Necromancy


You had 5 spell levels left.
You knew the following spells:

 Your Spells              Type           Power        Failure   Level  Hunger
a - Pain                  Necr           ###.         3%          1    N/A
d - Vampiric Draining     Necr           ###.......   9%          3    N/A

Dungeon Overview and Level Annotations

Branches:
Dungeon (5/15)
 Temple: D:4-7

Altars:
Dithmenos
Gozag

Annotations:
D:4 exclusion: iron imp


Innate Abilities, Weirdness & Mutations

You do not eat or drink.
Your flesh is vulnerable to fire.
You are immune to poison.
Your flesh is cold resistant. (rC+)
You are immune to negative energy. (rN+++)
You are immune to unholy pain and torment.
You can survive without breathing.


Message History

Casting: Pain (safe; 3% risk of failure)
Confirm with . or Enter, or press ? or * to list all spells.
Aiming: Pain (safe; 3% risk of failure)
Press: ? - help, Shift-Dir - straight line, f - jackal
Aim: a jackal (chance to defeat MR: 87%)
The jackal writhes in agony!
The jackal barely misses you.
Casting: Pain (safe; 3% risk of failure)
Confirm with . or Enter, or press ? or * to list all spells.
Aiming: Pain (safe; 3% risk of failure)
Press: ? - help, Shift-Dir - straight line, f/p - jackal
Aim: a jackal (heavily wounded, chance to defeat MR: 87%)
The jackal writhes in agony!
You kill the jackal!
Your Fighting skill increases to level 2!
Casting: Pain (safe; 3% risk of failure)
Confirm with . or Enter, or press ? or * to list all spells.
Aiming: Pain (safe; 3% risk of failure)
Press: ? - help, Shift-Dir - straight line, f - jackal
Aim: a jackal (chance to defeat MR: 87%)
The jackal writhes in agony!
The jackal barely misses you. x2
Casting: Pain (safe; 3% risk of failure)
Confirm with . or Enter, or press ? or * to list all spells.
Aiming: Pain (safe; 3% risk of failure)
Press: ? - help, Shift-Dir - straight line, f/p - jackal
Aim: a jackal (severely wounded, chance to defeat MR: 87%)
The jackal barely resists.
The jackal bites you.
Casting: Pain (safe; 3% risk of failure)
Confirm with . or Enter, or press ? or * to list all spells.
Aiming: Pain (safe; 3% risk of failure)
Press: ? - help, Shift-Dir - straight line, f/p - jackal
Aim: a jackal (severely wounded, chance to defeat MR: 87%)
You miscast Pain.
You are very lightly contaminated with residual magic.
Nothing appears to happen.
The jackal closely misses you.
Casting: Pain (safe; 3% risk of failure)
Confirm with . or Enter, or press ? or * to list all spells.
You don't have enough magic to cast that spell.
Casting: Pain (safe; 3% risk of failure)
Confirm with . or Enter, or press ? or * to list all spells.
You don't have enough magic to cast that spell.
Casting: Pain (safe; 3% risk of failure)
Confirm with . or Enter, or press ? or * to list all spells.
You don't have enough magic to cast that spell.
You open the door.
An iguana comes into view.
The iguana hisses angrily.
The jackal bites you but does no damage.
The jackal misses you.
The orc shouts!
You hear a shout!
There is an open door here.
An orc and an orc priest come into view.
The orc priest is wielding a dagger of draining.
The jackal closely misses you. The orc misses you.
You see here a pair of gloves.
l - a pair of gloves The jackal closely misses you.
The iguana bites you! The orc hits you with a flail.
* * * LOW HITPOINT WARNING * * *
The jackal misses you.
The orc shouts!
The orc priest mumbles some strange prayers to Beogh against you.
Beogh smites you!
You die...

###### ....####
#####....#
...#....############
.###.#................
.......†..............
.#.#....#†#........###
+.@h.#.#.######.#
#olol#'#+## #.#
#.........# #.#
#.........# #.#
####......... #.#
'o..........h.
##......###. #......#
#......#


You could see an iguana, an orc priest, 2 orcs, a leopard gecko and a jackal.

Vanquished Creatures
  An orc priest (D:4)
  2 orc wizards (D:4)
  An adder (D:2)
  2 dart slugs
  A leopard gecko (D:1)
  5 orcs (D:4)
  A giant cockroach (D:1)
  2 hobgoblins (D:1)
  5 jackals
  6 kobolds
  A rat (D:1)
27 creatures vanquished.

Notes
Turn   | Place    | Note
-------+----------+-------------------------------------------
     0 | D:1      | Amnesiac the Mummy Necromancer began the quest for the Orb.
     0 | D:1      | Reached XP level 1. HP: 13/13 MP: 4/4
   161 | D:1      | Reached XP level 2. HP: 11/20 MP: 0/5
   598 | D:2      | Reached skill level 1 in Fighting
   705 | D:4      | Noticed a phantom
   966 | D:4      | Reached XP level 3. HP: 26/26 MP: 3/7
   971 | D:4      | Learned a level 3 spell: Vampiric Draining
  1103 | D:5      | Entered Level 5 of the Dungeon
  1103 | D:5      | Noticed an ogre
  1136 | D:4      | Reached XP level 4. HP: 22/32 MP: 2/8
  1443 | D:4      | Found an opulent altar of Gozag.
  1444 | D:4      | Found a shadowy altar of Dithmenos.
  1655 | D:5      | Killed from afar by an orc priest

Vault maps used:
D:1:      dpeg_arrival_round_a
D:2:      first_ration, nicolae_ru_sacrificial_ziggurat
D:3:      grunt_ministairs_4, chequers_big_river, uniq_sigmund
D:4:      gammafunk_temple_overflow_pools, grunt_ministairs_6,
          palyth_stone_intersect, chei_slow_surprise
D:5:      serial_shops, kennysheep_little_box, minmay_misc_feat_hallway,
          bloody_makhleb

Skill      XL: |  1  2  3  4 |
---------------+-------------+-----
Dodging        | 2 3 |  3.1
Spellcasting   | 3 |  3.0
Fighting       | 1 2 |  2.0
Stealth        | |  1.5
Necromancy     | |  4.6

Action                   |  1- 3 |  4- 6 || total
-------------------------+-------+-------++-------
Melee: Unarmed           |    17 |     7 ||    24
 Cast: Pain              |    41 |    24 ||    65
Evoke: Wand              |       |     1 ||     1
  Use: Scroll            |     2 |       ||     2
Armor: Robe              |     2 |     3 ||     5
Dodge: Dodged            |    27 |    19 ||    46

Table legend:
 A = Spawn XP
 B = Non-spawn XP
 C = Spawn XP percentage of total XP
 D = Spawn monster count
 E = Non-spawn monster count
 F = Spawn count percentage of total count
 G = Total turns spent on level
                    A         B        C        D         E        F      G
               +---------+---------+-------+---------+---------+-------+---------
         Total |       0 |     179 |   0.0 |       0 |      27 |   0.0 |  1655
               +---------+---------+-------+---------+---------+-------+---------
           D:1 |       0 |      19 |   0.0 |       0 |      11 |   0.0 |   514
           D:2 |       0 |      19 |   0.0 |       0 |       4 |   0.0 |   162
           D:4 |       0 |     135 |   0.0 |       0 |       9 |   0.0 |   896
           D:5 |       0 |       6 |   0.0 |       0 |       3 |   0.0 |    45
               +---------+---------+-------+---------+---------+-------+---------
